[ PARTIDA AOE2 · #479173545 ]
UnrankedTártaros vs None
Equipo rival · VICT
[ ANÁLISIS DE REPETICIÓN · EXTRAÍDO DE LA PARTIDA GRABADA ]
Feudal
10:24
Castillos
20:03
Imperial
47:48
| APM promedio | 17.1 |
| APM pico | 86 |
| eAPM promedio | 15.2 |
| Aldeanos / militares | 131 / 424 |
Foco
⚔️ 60.5% · 🌾 39.5%
Skirmisher ×228 · Keshik ×129 · Spearman ×54 · Trebuchet (Packed) ×6 · Archer ×5 · Monk ×2
Feudal
10:31
Castillos
18:52
Imperial
35:22
| APM promedio | 14.6 |
| APM pico | 72 |
| eAPM promedio | 11.1 |
| Aldeanos / militares | 140 / 519 |
Foco
⚔️ 33.7% · 🌾 66.3%
Spearman ×373 · Mangudai ×34 · Skirmisher ×31 · Steppe Lancer ×21 · Archer ×15 · Scout Cavalry ×15
Mapa de la partida
Recursos iniciales + cada clic de construcción. Líneas = muros · curvas = relieve. ◆ oro · ⬟ piedra · ● bayas · ✦ reliquia · ◌ hueco del cierre
Tu base· Abierta — flanco sin cerrar
Base de Mmm...Donuts· Abierta — flanco sin cerrar
Terreno inicial suavizado · ◌ = hueco del cierre detectado · pasá el cursor para detalles
Inputs por minuto
— f.trenchant - - Mmm...Donuts
Build order — f.trenchant
Primeras 150 de 712 acciones detectadas
| 0:11 | Crear | Villager (Male) |
| 0:12 | Crear | Villager (Male) |
| 0:15 | Construir | House |
| 0:41 | Construir | House |
| 1:07 | Crear | Villager (Male) |
| 1:09 | Crear | Villager (Male) |
| 1:24 | Construir | Lumber Camp |
| 1:57 | Crear | Villager (Male) |
| 2:26 | Crear | Villager (Male) |
| 2:56 | Crear | Villager (Male) |
| 2:56 | Crear | Villager (Male) |
| 3:14 | Crear | Villager (Male) |
| 5:05 | Crear | Villager (Male) |
| 5:22 | Crear | Villager (Male) |
| 5:49 | Crear | Villager (Male) |
| 6:31 | Construir | House |
| 7:29 | Construir | Mill |
| 7:49 | Crear | Villager (Male) |
| 7:59 | Construir | House |
| 8:11 | Investigar | Feudal Age |
| 8:32 | Crear | Villager (Male) |
| 8:43 | Construir | Mining Camp |
| 9:32 | Construir | Farm |
| 10:24 | Edad | Edad Feudal |
| 10:34 | Construir | Farm |
| 10:59 | Crear | Villager (Male) |
| 11:00 | Crear | Villager (Male) |
| 11:16 | Construir | Blacksmith |
| 11:27 | Crear | Villager (Male) |
| 11:30 | Crear | Villager (Male) |
| 11:55 | Construir | Farm |
| 12:22 | Construir | Market |
| 12:50 | Crear | Villager (Male) |
| 12:51 | Crear | Villager (Male) |
| 13:05 | Construir | Farm |
| 13:11 | Construir | Farm |
| 13:19 | Crear | Villager (Male) |
| 13:35 | Construir | House |
| 13:37 | Construir | House |
| 15:25 | Crear | Villager (Male) |
| 15:25 | Crear | Villager (Male) |
| 15:36 | Construir | Farm |
| 15:55 | Construir | Farm |
| 16:23 | Construir | Farm |
| 16:30 | Crear | Villager (Male) |
| 17:23 | Investigar | Castle Age |
| 17:30 | Construir | Farm |
| 17:40 | Investigar | Double-Bit Axe |
| 17:51 | Construir | Farm |
| 17:57 | Construir | Farm |
| 18:01 | Construir | Farm |
| 18:33 | Construir | Farm |
| 18:59 | Construir | Barracks |
| 19:15 | Investigar | Horse Collar |
| 20:03 | Edad | Edad de los Castillos |
| 20:10 | Construir | Town Center |
| 20:31 | Crear | Spearman |
| 20:31 | Crear | Spearman |
| 20:31 | Crear | Spearman |
| 21:58 | Construir | Town Center |
| 22:05 | Crear | Villager (Male) |
| 22:05 | Crear | Villager (Male) |
| 22:05 | Crear | Villager (Male) |
| 22:05 | Crear | Villager (Male) |
| 22:06 | Crear | Villager (Male) |
| 22:13 | Crear | Villager (Male) |
| 22:13 | Crear | Villager (Male) |
| 22:13 | Crear | Villager (Male) |
| 22:14 | Crear | Villager (Male) |
| 22:27 | Investigar | Heavy Plow |
| 22:47 | Investigar | Bow Saw |
| 22:59 | Construir | Farm |
| 23:15 | Construir | Farm |
| 23:26 | Crear | Villager (Male) |
| 23:27 | Crear | Villager (Male) |
| 23:33 | Crear | Villager (Male) |
| 23:33 | Crear | Villager (Male) |
| 23:53 | Construir | House |
| 23:55 | Construir | House |
| 24:11 | Crear | Villager (Male) |
| 24:11 | Crear | Villager (Male) |
| 24:12 | Crear | Villager (Male) |
| 24:20 | Crear | Villager (Male) |
| 24:20 | Crear | Villager (Male) |
| 24:24 | Crear | Villager (Male) |
| 24:24 | Crear | Villager (Male) |
| 24:47 | Construir | House |
| 24:49 | Construir | House |
| 24:51 | Construir | House |
| 25:07 | Crear | Villager (Male) |
| 25:08 | Crear | Villager (Male) |
| 25:08 | Crear | Villager (Male) |
| 25:16 | Crear | Villager (Male) |
| 25:16 | Crear | Villager (Male) |
| 25:16 | Crear | Villager (Male) |
| 25:17 | Crear | Villager (Male) |
| 25:56 | Construir | Farm |
| 26:21 | Construir | Town Center |
| 26:30 | Crear | Villager (Male) |
| 26:30 | Crear | Villager (Male) |
| 26:34 | Crear | Villager (Male) |
| 26:35 | Crear | Villager (Male) |
| 26:35 | Crear | Villager (Male) |
| 26:35 | Crear | Villager (Male) |
| 26:41 | Crear | Villager (Male) |
| 26:42 | Crear | Villager (Male) |
| 26:42 | Crear | Villager (Male) |
| 27:23 | Crear | Spearman |
| 27:23 | Crear | Spearman |
| 27:23 | Crear | Spearman |
| 27:45 | Construir | Archery Range |
| 28:27 | Construir | House |
| 28:29 | Construir | House |
| 28:31 | Construir | House |
| 28:32 | Construir | House |
| 28:46 | Crear | Villager (Male) |
| 28:46 | Crear | Villager (Male) |
| 28:47 | Crear | Villager (Male) |
| 28:47 | Crear | Villager (Male) |
| 28:47 | Crear | Villager (Male) |
| 28:54 | Construir | Farm |
| 28:56 | Construir | Farm |
| 29:06 | Construir | Archery Range |
| 29:16 | Investigar | Elite Skirmisher (upgrade) |
| 29:18 | Crear | Skirmisher |
| 29:18 | Crear | Skirmisher |
| 29:18 | Crear | Skirmisher |
| 29:18 | Crear | Skirmisher |
| 29:36 | Investigar | Pikeman (upgrade) |
| 29:40 | Investigar | Wheelbarrow |
| 29:42 | Investigar | Town Watch |
| 29:51 | Construir | Farm |
| 29:55 | Construir | Farm |
| 29:57 | Construir | Farm |
| 30:02 | Construir | Farm |
| 30:04 | Construir | Farm |
| 30:07 | Construir | Farm |
| 30:22 | Construir | Archery Range |
| 30:28 | Crear | Villager (Male) |
| 30:28 | Crear | Villager (Male) |
| 30:28 | Crear | Villager (Male) |
| 30:29 | Crear | Villager (Male) |
| 30:35 | Crear | Villager (Male) |
| 30:35 | Crear | Villager (Male) |
| 30:35 | Crear | Villager (Male) |
| 30:36 | Crear | Villager (Male) |
| 30:48 | Construir | Mining Camp |
| 30:55 | Crear | Skirmisher |
| 30:55 | Crear | Skirmisher |
| 30:55 | Crear | Skirmisher |
Build order — Mmm...Donuts
Primeras 150 de 481 acciones detectadas
| 0:04 | Crear | Villager (Male) ×4 |
| 0:04 | Crear | Villager (Male) ×4 |
| 0:07 | Construir | House |
| 0:09 | Construir | House |
| 1:43 | Crear | Villager (Male) |
| 2:13 | Crear | Villager (Male) |
| 2:32 | Crear | Villager (Male) |
| 2:58 | Crear | Villager (Male) |
| 3:10 | Crear | Villager (Male) |
| 3:16 | Construir | Lumber Camp |
| 3:46 | Crear | Villager (Male) |
| 3:54 | Construir | House |
| 4:33 | Construir | Mill |
| 4:43 | Construir | House |
| 4:48 | Crear | Villager (Male) |
| 4:48 | Crear | Villager (Male) |
| 5:53 | Crear | Villager (Male) |
| 5:53 | Crear | Villager (Male) |
| 6:59 | Crear | Villager (Male) |
| 7:21 | Crear | Villager (Male) |
| 7:32 | Construir | Farm |
| 7:37 | Construir | Farm |
| 7:43 | Crear | Villager (Male) |
| 8:21 | Investigar | Feudal Age |
| 10:31 | Edad | Edad Feudal |
| 10:39 | Investigar | Wheelbarrow |
| 10:55 | Investigar | Horse Collar |
| 11:01 | Investigar | Double-Bit Axe |
| 11:19 | Construir | Farm |
| 11:20 | Construir | Farm |
| 11:22 | Construir | Farm |
| 11:23 | Construir | Farm |
| 11:25 | Construir | Farm |
| 11:27 | Construir | Farm |
| 11:58 | Construir | Farm |
| 12:01 | Construir | Farm |
| 12:02 | Construir | Farm |
| 12:10 | Crear | Villager (Male) |
| 12:10 | Crear | Villager (Male) |
| 12:10 | Crear | Villager (Male) |
| 12:11 | Crear | Villager (Male) |
| 12:11 | Crear | Villager (Male) |
| 13:24 | Construir | House |
| 13:45 | Construir | Mining Camp |
| 14:33 | Investigar | Town Watch |
| 14:59 | Construir | Blacksmith |
| 15:32 | Construir | Market |
| 15:40 | Crear | Villager (Male) |
| 16:12 | Investigar | Castle Age |
| 18:52 | Edad | Edad de los Castillos |
| 19:01 | Construir | Town Center |
| 19:05 | Investigar | Hand Cart |
| 19:09 | Investigar | Heavy Plow |
| 19:23 | Investigar | Gold Mining |
| 19:31 | Construir | Mining Camp |
| 19:47 | Crear | Villager (Male) |
| 19:47 | Crear | Villager (Male) |
| 19:47 | Crear | Villager (Male) |
| 19:50 | Crear | Villager (Male) |
| 19:51 | Crear | Villager (Male) |
| 20:22 | Crear | Villager (Male) |
| 20:23 | Crear | Villager (Male) |
| 20:36 | Construir | Farm |
| 20:38 | Construir | Farm |
| 20:55 | Construir | Farm |
| 21:02 | Crear | Villager (Male) |
| 21:02 | Crear | Villager (Male) |
| 21:02 | Crear | Villager (Male) |
| 21:16 | Construir | Town Center |
| 21:29 | Investigar | Stone Mining |
| 21:58 | Construir | House |
| 22:06 | Crear | Villager (Male) |
| 22:06 | Crear | Villager (Male) |
| 22:06 | Crear | Villager (Male) |
| 22:07 | Crear | Villager (Male) |
| 22:07 | Crear | Villager (Male) |
| 22:07 | Crear | Villager (Male) |
| 22:30 | Construir | Barracks |
| 22:51 | Crear | Villager (Male) |
| 22:51 | Crear | Villager (Male) |
| 22:51 | Crear | Villager (Male) |
| 22:52 | Crear | Villager (Male) |
| 22:52 | Crear | Villager (Male) |
| 22:52 | Crear | Villager (Male) |
| 23:30 | Construir | Stable |
| 23:35 | Construir | Farm |
| 23:46 | Construir | Farm |
| 23:53 | Construir | House |
| 24:01 | Crear | Villager (Male) |
| 24:01 | Crear | Villager (Male) |
| 24:02 | Crear | Villager (Male) |
| 24:02 | Crear | Villager (Male) |
| 24:02 | Crear | Villager (Male) |
| 24:02 | Crear | Villager (Male) |
| 24:03 | Crear | Villager (Male) |
| 24:03 | Crear | Villager (Male) |
| 24:03 | Crear | Villager (Male) |
| 24:03 | Crear | Villager (Male) |
| 24:04 | Crear | Villager (Male) |
| 24:12 | Construir | House |
| 24:14 | Construir | House |
| 24:18 | Construir | Farm |
| 24:34 | Construir | Mining Camp |
| 25:08 | Construir | Lumber Camp |
| 25:17 | Construir | Lumber Camp |
| 25:24 | Investigar | Town Patrol |
| 25:27 | Crear | Villager (Male) |
| 25:44 | Crear | Steppe Lancer |
| 25:51 | Investigar | Scale Mail Armor |
| 25:56 | Investigar | Loom |
| 26:08 | Construir | Farm |
| 26:18 | Construir | Farm |
| 26:19 | Construir | Farm |
| 26:21 | Construir | Farm |
| 26:22 | Construir | Farm |
| 26:23 | Construir | Farm |
| 26:34 | Construir | Town Center |
| 26:40 | Crear | Villager (Male) |
| 26:41 | Crear | Villager (Male) |
| 26:41 | Crear | Villager (Male) |
| 26:41 | Crear | Villager (Male) |
| 26:41 | Crear | Villager (Male) |
| 26:42 | Crear | Villager (Male) |
| 26:42 | Crear | Villager (Male) |
| 26:48 | Construir | House |
| 26:50 | Construir | House |
| 26:51 | Construir | House |
| 26:53 | Construir | House |
| 26:54 | Construir | House |
| 26:55 | Construir | House |
| 27:10 | Crear | Steppe Lancer |
| 27:10 | Crear | Steppe Lancer |
| 27:34 | Crear | Villager (Male) |
| 27:35 | Crear | Villager (Male) |
| 27:35 | Crear | Villager (Male) |
| 27:35 | Crear | Villager (Male) |
| 27:35 | Crear | Villager (Male) |
| 27:55 | Construir | Monastery |
| 28:09 | Construir | University |
| 28:18 | Investigar | Bow Saw |
| 28:25 | Investigar | Gold Shaft Mining |
| 28:52 | Crear | Monk |
| 29:00 | Construir | House |
| 29:00 | Construir | House |
| 29:01 | Construir | House |
| 29:02 | Construir | House |
| 29:02 | Construir | House |
| 29:03 | Construir | House |
| 29:03 | Construir | House |
| 29:04 | Construir | House |
Cronología de la partida
| 10:24 | f.trenchant · age_up feudal |
| 10:31 | Mmm...Donuts · age_up feudal |
| 18:52 | Mmm...Donuts · age_up castle |
| 18:59 | f.trenchant · first_building Barracks |
| 20:03 | f.trenchant · age_up castle |
| 22:30 | Mmm...Donuts · first_building Barracks |
| 23:30 | Mmm...Donuts · first_building Stable |
| 27:45 | f.trenchant · first_building Archery Range |
| 27:55 | Mmm...Donuts · first_building Monastery |
| 30:52 | Mmm...Donuts · first_building Castle |
| 35:22 | Mmm...Donuts · age_up imperial |
| 36:13 | Mmm...Donuts · first_building Archery Range |
| 37:40 | f.trenchant · first_building Castle |
| 37:50 | Mmm...Donuts · first_building Siege Workshop |
| 38:36 | Mmm...Donuts · wall_segment Stone Wall x13 |
| 38:43 | Mmm...Donuts · wall_segment Stone Wall x5 |
| 38:47 | Mmm...Donuts · wall_segment Stone Wall x18 |
| 43:06 | f.trenchant · first_building Monastery |
| 45:02 | Mmm...Donuts · wall_segment Stone Wall x22 |
| 45:18 | Mmm...Donuts · wall_segment Stone Wall x4 |
| 46:13 | Mmm...Donuts · wall_segment Stone Wall x11 |
| 47:48 | f.trenchant · age_up imperial |
| 54:06 | f.trenchant · first_building Siege Workshop |
| 63:48 | Mmm...Donuts · first_market_sell 100 food |
| 66:15 | f.trenchant · resign |
[ ANÁLISIS IA · 1 CRÉDITO ]
¿Qué pasó realmente en esta partida?
Wolo.gg analiza cada decisión: build order, eco, micro, errores típicos por bracket. Análisis personalizado por WhatsApp o Discord en 30 segundos.
Guía civ
Tártaros
Perfil
Jugador #2101004